 Dungeon Crawl Stone Soup version 0.27.0-1-g7a089689b8 (webtiles) character file.

Game seed: 11790660495565900789

9146 Crownlay the Peltast (level 11, -14/104 HPs)
             Began as a Minotaur Berserker on Aug 12, 2021.
             Was an Elder of Trog.
             Demolished by Joseph (19 damage)
             ... on level 9 of the Dungeon.
             The game lasted 00:37:44 (10327 turns).

Crownlay the Peltast (Minotaur Berserker)          Turns: 10327, Time: 00:37:44

Health: -14/104    AC:  4    Str: 29    XL:     11   Next: 19%
Magic:  10/10      EV: 12    Int:  4    God:    Trog [****..]
Gold:   677        SH: 17    Dex: 16    Spells: 10/10 levels left

rFire    + . .     SeeInvis .   n - +7 mace "Pepaxtuf" {vamp, +Blink rElec Str+4}
rCold    + . .     Faith    .   h - +2 kite shield
rNeg     + . .     Spirit   .   C - +2 robe {Will+}
rPois    .         Reflect  .   z - +0 hat
rElec    +         Harm     .   A - scarf {rC+ rF+}
rCorr    .         Rampage  .   (no gloves)
Will     +....                  (no boots)
Stlth    +.........             J - amulet of regeneration
HPRegen  1.27/turn              M - ring of positive energy
MPRegen  0.12/turn              Q - +6 ring of dexterity

@: on berserk cooldown, slowed, studying Throwing, invisible, very slow
A: horns 2, retaliatory headbutt
a: Renounce Religion, Evoke Blink, Berserk, Trog's Hand, Brothers in Arms


You were on level 9 of the Dungeon.
You worshipped Trog.
Trog was greatly pleased with you.
You visited 1 branch of the dungeon, and saw 9 of its levels.
You also visited: Sewer and Bailey.

You collected 699 gold pieces.
You spent 22 gold pieces at shops.

Inventory:

Hand Weapons
 n - the +7 mace "Pepaxtuf" (weapon) {vamp, +Blink rElec Str+4}
   (You found it in a bailey)

   It occasionally heals its wielder for a portion of the damage dealt when it
   wounds a living foe.
   Str:       It affects your strength (+4).
   rElec:     It insulates you from electricity.
   +Blink:    It lets you blink.
 q - the +5 falchion of Yesterday {flame, *Noise rElec rC+ Str+8}
   (You found it in a bailey)

   It burns those it strikes, dealing additional fire damage.
   Big, fiery blades are also staple armaments of hydra-hunters.
   Str:       It affects your strength (+8).
   rC:        It protects you from cold.
   rElec:     It insulates you from electricity.
   *Noise:    It may make noises in combat.
 D - a +0 falchion of holy wrath
 L - a +2 vorpal hand axe
Missiles
 B - 34 boomerangs (quivered)
 O - 7 atropa-tipped darts
Armour
 h - a +2 kite shield (worn)
 z - a +0 hat (worn)
 A - a scarf of resistance (worn)
 C - a +2 robe of willpower (worn)
 R - a +0 troll leather armour
Jewellery
 J - an amulet of regeneration (around neck)
 M - a ring of positive energy (left hand)
 Q - a +6 ring of dexterity (right hand)
Wands
 w - a wand of mindburst (6)
 I - a wand of paralysis (9)
Scrolls
 f - 2 scrolls of torment {unknown}
 i - 4 scrolls of immolation
 k - 2 scrolls of magic mapping
 l - 6 scrolls of enchant weapon {unknown}
 t - a scroll of vulnerability {unknown}
 u - 3 scrolls of noise {unknown}
 v - 3 scrolls of teleportation
 x - 4 scrolls of fear
 y - 2 scrolls of enchant armour {unknown}
 E - a scroll of fog {unknown}
 F - a scroll of amnesia
 H - a scroll of silence
Potions
 a - 2 potions of experience
 b - a potion of flight {unknown}
 c - 3 potions of invisibility
 d - a potion of brilliance {unknown}
 e - 6 potions of curing
 g - 5 potions of mutation
 j - 7 potions of magic
 m - 6 potions of might
 o - 2 potions of resistance {unknown}
 p - 6 potions of heal wounds {unknown}
 r - a potion of haste {unknown}
 s - a potion of lignification {unknown}
 G - 4 potions of degeneration {unknown}
 K - a potion of attraction {unknown}
 N - a potion of ambrosia {unknown}
 P - a potion of berserk rage {unknown}


   Skills:
 - Level 12.0 Fighting
 - Level 3.6 Axes
 + Level 8.4 Throwing
 - Level 2.4 Armour
 - Level 2.1 Dodging
 - Level 15.0 Shields


You had 10 spell levels left.
You didn't know any spells.
Your spell library was empty.

Dungeon Overview and Level Annotations

Branches:
Dungeon (9/15)             Temple (0/1) D:7           Sewer (visited)
 Bailey (visited)
   Lair: D:8-11         Orc: D:9-12

Altars:
Ashenzari
Hepliaklqana
Qazlal
Sif Muna
Trog
Vehumet
Yredelemnul

Shops:
D:2 =*?(!   D:7 *

Annotations:
D:9 Joseph


Innate Abilities, Weirdness & Mutations

You have a pair of horns on your head.
You reflexively headbutt those who attack you in melee.


Message History

The centaur barely misses you. You furiously retaliate!
You headbutt the centaur! The centaur completely misses you.
You block Joseph's attack. The orc warrior barely misses you.
The centaur closely misses you. You furiously retaliate!
You headbutt the centaur. You block the centaur's attack.
Joseph hits you with a +0 quarterstaff! You block the orc warrior's attack.
You closely miss Joseph. Your headbutt misses Joseph.
Joseph is heavily wounded.
Your skin stops crawling.
You feel less strong-willed. You block the centaur's attack.
The centaur kicks you.
You block the centaur's attack. x2; You block Joseph's attack.
The orc warrior hits you with a +0 mace!
The centaur hits you. The centaur misses you.
You barely miss the centaur. You headbutt the centaur.
The centaur is severely wounded.
Joseph hits you with a +0 quarterstaff.
The centaur hits you but does no damage.
You block the centaur's attack. You block the orc warrior's attack.
You block Joseph's attack. The centaur closely misses you.
The centaur barely misses you.
The orc warrior hits you with a +0 mace!
You hit the centaur.
You feel better.
The centaur is almost dead.
The centaur closely misses you. You furiously retaliate!
You headbutt the centaur, but do no damage.
You block the centaur's attack.
Joseph hits you with a +0 quarterstaff!!
* * * LOW HITPOINT WARNING * * *
You block the orc warrior's attack. The centaur hits you.
* * * LOW HITPOINT WARNING * * *
You block the centaur's attack. Joseph hits you with a +0 quarterstaff.
* * * LOW HITPOINT WARNING * * *
The centaur closely misses you.
The centaur kicks you but does no damage.
The orc warrior barely misses you.
It was a potion of invisibility.
You fade into invisibility!
You block the centaur's attack. x2
Joseph hits you with a +0 quarterstaff!!
You die...

.#...>.#.#####...
.#.....#.........
.###.###......... c
................. .^
.........######## ...
..†......# ....
.........############.....
.................c........
................@@o.......
...##############o........
...# #..####### ...# #..#
...# #..# ...# #..# ...#
#... #### ####


You could see Joseph (strong), an orc warrior, a centaur and an orc (strong).

Vanquished Creatures
  Harold (D:8)
  Erica (D:9)
  2 two-headed ogres (D:8)
  An orc knight (Bailey)
  Psyche (D:9)
  A hornet (D:9)
  Grinder (D:5)
  2 trolls
  Sigmund (D:4)
  A vampire (D:9)
  A wraith (D:9)
  Edmund (D:5)
  Duvessa (D:4)
  3 water moccasins (D:7)
  4 orc warriors
  A sky beast (D:5)
  An ogre (D:7)
  A centaur (D:7)
  2 necrophages
  3 kobold brigands
  6 scorpions
  Dowan (D:4)
  5 killer bees (D:5)
  10 wights
  3 howler monkeys (D:7)
  An electric eel (D:6)
  A jelly (D:7)
  2 centaur zombies
  A hound (D:4)
  2 bullfrog skeletons
  6 orc priests
  2 gnoll shamans
  An iguana (D:5)
  A centaur skeleton (D:5)
  4 orc wizards
  A killer bee zombie (D:7)
  A hound skeleton (D:4)
  13 gnolls
  9 adders
  7 river rats
  4 shadow imps
  A white imp (D:8)
  An adder skeleton (D:4)
  4 worms
  2 dart slugs
  29 orcs
  5 bats
  10 endoplasms
  4 giant cockroaches
  6 goblins
  7 hobgoblins
  6 jackals (D:1)
  5 quokkas
  11 ball pythons
  9 frilled lizards
  47 kobolds
  30 rats
  A spectral orc (D:5)
289 creatures vanquished.

Vanquished Creatures (collateral kills)
  An orc warlord (Bailey)
1 creature vanquished.

Grand Total: 290 creatures vanquished

Notes
Turn   | Place    | Note
-------+----------+-------------------------------------------
     0 | D:1      | Crownlay the Minotaur Berserker began the quest for the
                  | Orb.
     0 | D:1      | Reached XP level 1. HP: 19/19 MP: 0/0
   113 | D:1      | Reached XP level 2. HP: 19/28 MP: 1/1
   580 | D:1      | Found a faded altar of an unknown god.
   747 | D:1      | Reached skill level 5 in Fighting
   765 | D:1      | Reached XP level 3. HP: 34/36 MP: 2/2
   863 | D:1      | Reached ** piety under Trog
  1262 | D:2      | Found Solatsio's Magic Scroll Shop.
  1270 | D:2      | Bought a scroll of identify for 22 gold pieces
  1273 | D:2      | Found Abich's Antique Weapon Emporium.
  1296 | D:2      | Found Mevvifeb's Distillery.
  1430 | D:2      | Found Rupnireu's Assorted Antiques.
  1433 | D:2      | Found Rus Xint's Jewellery Shop.
  1605 | D:2      | Reached XP level 4. HP: 43/44 MP: 3/3
  2154 | D:3      | Found a glowing drain.
  2171 | Sewer    | Entered a sewer
  2252 | Sewer    | Reached XP level 5. HP: 36/52 MP: 4/4
  2479 | Sewer    | Reached *** piety under Trog
  3000 | Sewer    | Reached skill level 1 in Shields
  3000 | Sewer    | Reached XP level 6. HP: 61/61 MP: 5/5
  3250 | D:3      | Reached skill level 2 in Shields
  3280 | D:3      | Found a hazy altar of Hepliaklqana.
  3323 | D:3      | Found a stormy altar of Qazlal.
  4097 | D:4      | Reached skill level 3 in Shields
  4433 | D:4      | Reached **** piety under Trog
  4582 | D:4      | Noticed Duvessa
  4582 | D:4      | Noticed Dowan
  4590 | D:4      | Killed Dowan
  4591 | D:4      | Reached skill level 4 in Shields
  4592 | D:4      | Killed Duvessa
  4593 | D:4      | Reached skill level 5 in Shields
  4593 | D:4      | Reached XP level 7. HP: 68/68 MP: 6/6
  4790 | D:4      | Noticed Sigmund
  4803 | D:4      | Killed Sigmund
  4804 | D:4      | Reached skill level 6 in Shields
  5113 | D:4      | Noticed a moth of wrath
  5131 | D:4      | Found a bloodstained altar of Trog.
  5536 | D:5      | Entered Level 5 of the Dungeon
  5567 | D:5      | Found a broken altar of Ashenzari.
  5590 | D:5      | Reached skill level 7 in Shields
  5727 | D:5      | Noticed Edmund
  5737 | D:5      | Killed Edmund
  5738 | D:5      | Reached skill level 8 in Shields
  5819 | D:5      | Reached XP level 8. HP: 19/74 MP: 7/7
  6133 | D:5      | Reached skill level 9 in Shields
  6548 | D:5      | Reached skill level 10 in Shields
  6581 | D:5      | Noticed Grinder
  6582 | D:5      | Found a radiant altar of Vehumet.
  6594 | D:5      | Killed Grinder
  6680 | D:5      | Found a basalt altar of Yredelemnul.
  6731 | D:5      | Reached skill level 11 in Shields
  7436 | D:6      | Reached XP level 9. HP: 79/79 MP: 8/8
  7526 | D:6      | Reached skill level 12 in Shields
  7698 | D:6      | Found a shimmering blue altar of Sif Muna.
  8067 | D:7      | Noticed a troll
  8091 | D:7      | Killed a troll
  8100 | D:7      | Found Yliracvo's Serpentskin Sales.
  8131 | D:7      | Reached skill level 13 in Shields
  8154 | D:7      | Found a staircase to the Ecumenical Temple.
  8257 | D:7      | Found a flagged portal.
  8279 | Bailey   | Entered a bailey
  8284 | Bailey   | Noticed an orc warlord
  8402 | Bailey   | Reached skill level 14 in Shields
  8461 | Bailey   | Found a runed translucent gate.
  8461 | Bailey   | Found a runed translucent gate.
  8473 | Bailey   | Found a runed translucent gate.
  8488 | Bailey   | Noticed an orc knight
  8505 | Bailey   | Killed an orc knight
  8609 | Bailey   | Killed an orc warlord
  8610 | Bailey   | Reached skill level 15 in Shields
  8610 | Bailey   | Reached XP level 10. HP: 88/88 MP: 9/9
  8635 | Bailey   | Identified the +7 mace "Pepaxtuf" {vamp, +Blink rElec
                  | Str+4}
  8647 | Bailey   | Identified the +5 falchion of Yesterday {flame, *Noise
                  | rElec rC+ Str+8}
  9358 | D:8      | Noticed Harold
  9372 | D:8      | Killed Harold
  9405 | D:8      | Noticed a two-headed ogre
  9412 | D:8      | Killed a two-headed ogre
  9413 | D:8      | Reached skill level 10 in Fighting
  9604 | D:8      | Noticed a two-headed ogre
  9611 | D:8      | Killed a two-headed ogre
  9968 | D:9      | Paralysed by a hornet for 1 turns
  9971 | D:9      | Reached skill level 5 in Throwing
 10070 | D:9      | Noticed Erica
 10079 | D:9      | Killed Erica
 10080 | D:9      | Reached XP level 11. HP: 104/104 MP: 10/10
 10211 | D:9      | Noticed Psyche
 10219 | D:9      | Killed Psyche
 10305 | D:9      | Noticed Joseph
 10326 | D:9      | HP: 3/104 [Joseph (4)]
 10327 | D:9      | Demolished by Joseph

Illustrated notes

Levels and vault maps discovered:
D:1:      sevenhm_arrival_forest_fort_large_4, layout_loops_corners,
          ebering_ecumenical_altar_rust
D:2:      layout_rooms, serial_shops, shop, shop, shop,
          nicolae_shop_statue_plus, shop, st_stairs_1
D:3:      minmay_spotlight, layout_loops_ring, mainiacjoe_overflow_alcove_4,
          nicolae_qazlal_general_emergency, portal_sewer_entry_e,
          kennysheep_generic_room_16
D:4:      layout_loops_ring, tgw_trog, uniq_duvessa, uniq_sigmund
D:5:      layout_basic, mainiacjoe_overflow_small_starburst,
          yredelemnul_forgotten_temple_becter, nicolae_vehumet_radiance,
          uniq_edmund, uniq_grinder
D:6:      layout_rooms, tgw_sif, nrook_pool_corridor, hangedman_decor_slide_cut
D:7:      layout_cave_pools, minmay_temple_entry_sparse_star, enter_bailey_2,
          minmay_stone_trees_small, minmay_crystal_room, grunt_ministairs_15,
          guppyfry_shop_venom
D:8:      layout_loops_ring, uniq_harold
D:9:      layout_small_grid, st_stairs_3, uniq_erica, uniq_joseph, uniq_psyche

Skill      XL: |  1  2  3  4  5  6  7  8  9 10 11 |
---------------+----------------------------------+-----
Fighting       | 4 5 6 7 8 12 | 12.0
Shields        | 1 5 8 11 15 | 15.0
Throwing       | 3 6 8 |  8.4
Axes           | |  3.6
Armour         | |  2.4
Dodging        | |  2.1

Action                   |  1- 3 |  4- 6 |  7- 9 | 10-12 || total
-------------------------+-------+-------+-------+-------++-------
Melee: Hand axe          |    69 |   188 |   334 |     3 ||   594
       Headbutt          |    13 |    28 |    66 |    20 ||   127
       Mace              |       |       |       |    99 ||    99
Throw: Boomerang         |       |       |    19 |    71 ||    90
       Dart              |       |       |     1 |       ||     1
Invok: Trog's Hand       |       |     4 |    16 |     7 ||    27
       Berserk           |       |     4 |    14 |     5 ||    23
  Use: Scroll            |     1 |     1 |     8 |     2 ||    12
       Potion            |       |       |       |     1 ||     1
Armor: Animal skin       |    15 |    32 |       |       ||    47
       Robe              |       |       |    52 |    10 ||    62
Dodge: Dodged            |    50 |    65 |   134 |    54 ||   303
Block: Kite shield       |    17 |   111 |   321 |   128 ||   577
